 Dungeon Crawl Stone Soup version 0.29-a0-271-gd4eb659eea (webtiles) character file.

Game seed: 607865163825271023

128 Leszczynek the Vexing (level 4, -1/24 HPs)
             Began as a Deep Elf Enchanter on Mar 8, 2022.
             Slain by a scorpion (8 damage)
             ... on level 4 of the Dungeon.
             The game lasted 00:19:48 (1661 turns).

Leszczynek the Vexing (Deep Elf Enchanter)          Turns: 1661, Time: 00:19:48

Health: -1/24      AC:  2    Str:  5    XL:     4   Next: 87%
Magic:  4/10       EV: 12    Int: 22    God:
Gold:   77         SH:  0    Dex: 15    Spells: 1/9 levels left

rFire   . . .      SeeInvis +   a - +1 dagger
rCold   . . .      Faith    .   (no shield)
rNeg    . . .      Spirit   .   r - +0 robe
rPois   .          Reflect  .   (no helmet)
rElec   .          Harm     .   (no cloak)
rCorr   .          Rampage  .   (no gloves)
Will    .....                   (no boots)
Stlth   +++.......              (no amulet)
HPRegen 0.08/turn               o - ring of see invisible
MPRegen 0.12/turn               (no ring)

@: lethally poisoned (-1 -> -6), invisible
A: no striking features
a: no special abilities


You were on level 4 of the Dungeon.
You visited 1 branch of the dungeon, and saw 5 of its levels.

You collected 127 gold pieces.
You spent 50 gold pieces at shops.

Inventory:

Hand Weapons
 a - a +1 dagger (weapon)
 b - a +2 short sword of draining
 h - a +0 flail
Missiles
 e - 28 stones (quivered)
Armour
 r - a +0 robe (worn)
Jewellery
 o - a ring of see invisible (left hand)
Scrolls
 f - a scroll of teleportation
 g - a scroll of fog {unknown}
 i - a scroll of enchant weapon {unknown}
 j - 2 scrolls of magic mapping
 k - a scroll of acquirement {unknown}
 l - a scroll of noise {unknown}
 n - a scroll of summoning {unknown}
 p - a scroll of holy word {unknown}
 s - a scroll of vulnerability {unknown}
 t - 2 scrolls of blinking {unknown}
Potions
 c - a potion of invisibility
 m - a potion of berserk rage {unknown}
 q - a potion of haste {unknown}
 u - a potion of brilliance {unknown}


   Skills:
 - Level 2.0 Short Blades
 - Level 2.4 Dodging
 - Level 4.0 Stealth
 - Level 3.0 Spellcasting
 * Level 2.1 Conjurations
 + Level 4.5 Hexes
 - Level 2.0 Ice Magic
 * Level 2.2 Earth Magic


You had one spell level left.
You knew the following spells:

 Your Spells              Type           Power      Damage    Failure   Level
a - Ensorcelled Hibernat  Hex/Ice        34%        N/A       4%          2
b - Tukima's Dance        Hex            23%        N/A       6%          3
c - Stone Arrow           Conj/Erth      24%        3d8       16%         3

Your spell library contained the following spells:

 Spells                   Type           Power      Damage    Failure   Level
 Sandblast                Erth           26%        2d8       4%          1
 Beastly Appendage        Tmut           6%         N/A       12%         1
 Confusing Touch          Hex            23%        N/A       6%          3
 Dazzling Flash           Conj/Hex       36%        N/A       10%         3
 Passwall                 Tmut/Erth      6%         N/A       12%         2
 Wereblood                Tmut           3%         N/A       19%         2
 Spider Form              Tmut/Pois      3%         N/A       36%         3


Dungeon Overview and Level Annotations

Branches:
Dungeon (5/15)
 Temple: D:4-7

Altars:
Ashenzari
Wu Jian

Shops:
D:3 ?

Annotations:
D:4 3 runed translucent doors, cheburek's ghost, weakling DsAK


Message History

The floor.
You fade into invisibility!
The scorpion barely misses you. The scorpion misses you.
You hit the scorpion but do no damage.
The scorpion is severely wounded.
The scorpion barely misses you.
You hit the scorpion but do no damage.
The scorpion is severely wounded.
The scorpion stings you!
* * * LOW HITPOINT WARNING * * *
Unknown command.
You feel better. The scorpion stings you.
You hit the scorpion but do no damage.
The scorpion is severely wounded.
The scorpion barely misses you.
You hit the scorpion.
The scorpion is almost dead.
An adder comes into view.
The scorpion closely misses you.
You completely miss the scorpion.
The scorpion is severely wounded.
The scorpion barely misses you.
You hit the scorpion.
The scorpion is almost dead.
The scorpion barely misses you.
You hit the scorpion but do no damage.
The scorpion is almost dead.
The scorpion misses you.
You hit the scorpion.
The scorpion is almost dead.
The scorpion stings you.
You are poisoned.
The scorpion poisons you!
You hit the scorpion but do no damage.
The scorpion is almost dead.
You feel sick. The scorpion misses you.
You hit the scorpion but do no damage.
The scorpion is almost dead.
You feel sick. The scorpion stings you!
You die...

# # ####### ####
##.....## .'.#
##.......## ##.#
#.$.......# ##.#
#(.......S# ##.#
#..@s.....# #.#
#.........#
##.###########.........#
......................##
##..#####..............#
#.##.KK##..##.........#
####.#.#K#..##.........#
..#...#KK+..##.........#
#.#).K.WK+..##.........


You could see a scorpion (can't see you) and an adder (asleep).

Vanquished Creatures
  A scorpion (D:4)
  An orc priest (D:4)
  An adder (D:3)
  An ufetubus (D:5)
  2 orcs
  2 bats
  3 endoplasms
  3 giant cockroaches
  A hobgoblin (D:3)
  2 jackals (D:3)
  2 quokkas
  4 goblins
  A kobold (D:3)
24 creatures vanquished.

Notes
Turn   | Place    | Note
-------+----------+-------------------------------------------
     0 | D:1      | Leszczynek the Deep Elf Enchanter began the quest for the
                  | Orb.
     0 | D:1      | Reached XP level 1. HP: 10/10 MP: 6/6
   142 | D:4      | XD
   164 | D:4      | ok, see, this is
   164 | D:4      | uh
   164 | D:4      | -2 UC
   164 | D:4      | hm
   164 | D:4      | XD
   364 | D:2      | Reached XP level 2. HP: 15/15 MP: 8/8
   424 | D:2      | Reached skill level 4 in Stealth
   429 | D:2      | Learned a level 2 spell: Ensorcelled Hibernation
   469 | D:3      | Found Xitiel Paqi's Magic Scroll Shoppe.
   490 | D:3      | Reached skill level 2 in Short Blades
   515 | D:3      | Bought a scroll of identify for 20 gold pieces
   559 | D:3      | Bought a scroll of teleportation for 30 gold pieces
   612 | D:4      | Found a broken altar of Ashenzari.
   639 | D:4      | Noticed an orc warrior
   745 | D:3      | Reached skill level 1 in Ice Magic
   754 | D:3      | You fall into a shaft and drop 1 floor!
   755 | D:4      | :)
   818 | D:4      | Noticed a scorpion
   911 | D:3      | Reached XP level 3. HP: 16/19 MP: 6/9
  1011 | D:3      | Learned a level 3 spell: Tukima's Dance
  1015 | D:3      | Learned a level 3 spell: Stone Arrow
  1135 | D:5      | Entered Level 5 of the Dungeon
  1183 | D:5      | Reached skill level 2 in Ice Magic
  1286 | D:5      | Noticed a phantom
  1363 | D:4      | Ouch! That really hurt!
  1370 | D:4      | wow really
  1370 | D:4      | orc warrior with boomeragns of dispersal
  1376 | D:4      | Found a runed translucent gate.
  1376 | D:4      | Found a runed translucent gate.
  1376 | D:4      | Found a runed translucent gate.
  1377 | D:4      | Noticed cheburek's ghost (weakling DsAK)
  1377 | D:4      | Noticed a kobold brigand
  1390 | D:4      | Noticed a scorpion
  1401 | D:4      | HP: 3/19 [scorpion (4)]
  1403 | D:4      | Killed a scorpion
  1404 | D:4      | Reached skill level 1 in Conjurations
  1404 | D:4      | Reached skill level 1 in Earth Magic
  1404 | D:4      | Reached XP level 4. HP: 4/24 MP: 3/10
  1514 | D:4      | Found an ornate altar of the Wu Jian Council.
  1520 | D:4      | runed great sword
  1520 | D:4      | xd
  1546 | D:4      | Reached skill level 2 in Conjurations
  1546 | D:4      | Reached skill level 2 in Earth Magic
  1640 | D:4      | Noticed a scorpion
  1647 | D:4      | oh
  1647 | D:4      | it lived through the stab
  1647 | D:4      | oooooops
  1650 | D:4      | HP: 2/24 [scorpion (7)]
  1661 | D:4      | Slain by a scorpion

Illustrated notes ### ..# #.# #.# #@# #..# ...# ..### ... .... ##### Turn 142 on D:4: XD #.........# #.........# .. #........# . #........# ##. #........# #.. #........# #.# ##...###.### #.# ###..## #...# #.# #.@..######.###.### #.##............... #. ...######....... .. ...# #....... ...#...# #....... ...###### ######## .... #.... Turn 164 on D:4: ok, see, this is . #### ####... #...#.>..... #...@....... #........... #..........! #............# #............ #...........# . #...........###. #...........##.. .........##.# Turn 755 on D:4: :) #........# ##.#.# #....o...# #..#.. #........# #.#### ##...###.### #.# # ###..## #...# #.# # #.§..######.###.#### #.##................ #####.#...######........ #.....#@..# #........ #.....#...# #........ #....################### #....................... #....################### #....# #....# ###### Turn 1370 on D:4: wow really ########### #)§§§.....# #)#§§≈....#### +)..≈≈._...'.# #)#≈≈§....##.# #)≈≈§..@..##.# ############.# ## #.# #.### #####.########### #...## #..........((.... .######..#####.###..#####..... .........o.....# #.##.KK##..## ##.....####..#####.#K#K#..# ####...........#...#KK+..# Turn 1520 on D:4: runed great sword

### ..# ###### ..####
#.....# ...'.# ##.......
..##.# #.$...... ..##.#
#(....... ####.#
#........ #.# #s.......
####.###########@.......
........................
.###..#####.............
.# #.##.KK##..##........
.#####.#.#K#..##........
....#...#KK+..##........
..#.#).K.WK+..##........
#.###$..#KK+.####.......
..####.#.#.#.# #.....


Turn 1647 on D:4: oh

Levels and vault maps discovered:
D:1:      amcnicky_arrival_choice, layout_loops_ring,
          hellmonk_ecumenical_altar_watching_god, kennysheep_nondescript,
          chequers_decorated_corner
D:2:      minmay_inner_zag, layout_loops_corners
D:3:      layout_basic, serial_shops, shop_scrolls
D:4:      layout_rooms, cheibrodos_ashenzari_chains,
          nicolae_wu_jian_glorious_leap, gammafunk_ghost_nasty_kobolds,
          dreamdust_princess_corridor
D:5:      layout_loops_ring, uniq_ijyb

Skill      XL: |  1  2  3  4 |
---------------+-------------+-----
Stealth        | 4 |  4.0
Short Blades   | 2 |  2.0
Ice Magic      | 1 2 |  2.0
Conjurations   | 1 2 |  2.1
Earth Magic    | 1 2 |  2.2
Dodging        | |  2.4
Spellcasting   | |  3.0
Hexes          | |  4.5

Action                   |  1- 3 |  4- 6 || total
-------------------------+-------+-------++-------
Melee: Dagger            |    55 |    13 ||    68
       Punch             |     1 |       ||     1
       Short sword       |     8 |       ||     8
Throw: Stone             |    27 |     1 ||    28
 Cast: Ensorcelled Hiber |    11 |     6 ||    17
       Tukima's Dance    |     1 |       ||     1
  Use: Scroll            |     2 |       ||     2
       Potion            |     2 |     2 ||     4
 Stab: Sleeping          |    10 |     3 ||    13
Armor: Robe              |    11 |       ||    11
Dodge: Dodged            |    59 |    12 ||    71

Table legend: (Time is in decaauts)
 A = Elapsed time spent in this place.
 B = Non-inter-level travel time spent in this place.
 C = Inter-level travel time spent in this place.
 D = Time resting spent in this place.
 E = Time spent auto-exploring this place.
 F = Levels seen in this place.
 G = Mean time per level.
                   A        B        C        D        E       F      G
               +--------+--------+--------+--------+--------+-----+--------+
         Total |   1734 |   1662 |     72 |      0 |      0 |   5 |  346.8 |
       Dungeon |   1734 |   1662 |     72 |      0 |      0 |   5 |  346.8 |
               +--------+--------+--------+--------+--------+-----+--------+

Top non-repeatable levels by time:
     D:4: 618 daAuts
     D:3: 537 daAuts
     D:5: 211 daAuts
     D:2: 196 daAuts
     D:1: 170 daAuts
